 Dungeon Crawl Stone Soup version 0.26-a0-415-g2a9615731a (webtiles) character file.

Game seed: 4089222767604891327

29402 KristoblXynda the Grappler (level 13, 0/159 HPs)
             Began as a Troll Hedge Wizard on July 25, 2020.
             Was a Believer of Ashenzari.
             Slain by a troll (12 damage)
             ... on level 12 of the Dungeon.
             The game lasted 00:27:03 (13534 turns).

KristoblXynda the Grappler (Troll Hedge Wizard)    Turns: 13534, Time: 00:27:03

Health: 0/159      AC: 16    Str: 21    XL:     13   Next: 15%
Magic:  15/15      EV: 17    Int: 14    God:    Ashenzari [**....]
Gold:   872        SH:  5    Dex: 21    Spells: 13/16 levels left

rFire    . . .     SeeInvis .     - Unarmed
rCold    + . .     Faith    .   (no shield)
rNeg     . . .     Spirit   .   e - +0 swamp dragon scales (curse)
rPois    +         Reflect  +   c - +1 hat
rElec    .         Harm     .   y - +0 cloak {rC+} (curse)
rCorr    .                      (gloves unavailable)
MR       .....                  (boots unavailable)
Stlth    ..........             B - amulet of reflection (curse)
HPRegen  0.76/turn              q - +6 ring of dexterity
MPRegen  0.14/turn              u - +6 ring of dexterity (curse)

@: berserking (expiring), lethally poisoned (0 -> -10), very quick
A: large, unfitting armour, claws 3, regeneration 1, shaggy fur 1, tough skin 3
a: Curse Item, Scrying, Renounce Religion


You were on level 12 of the Dungeon.
You worshipped Ashenzari.
Ashenzari was pleased with you.
You visited 2 branches of the dungeon, and saw 13 of its levels.
You also visited: Ossuary and Ice Cave.

You collected 926 gold pieces.
You spent 54 gold pieces at shops.

Inventory:

Hand Weapons
 b - a +0 morningstar
 E - a +0 giant club
Armour
 c - a +1 hat (worn)
 e - cursed +0 swamp dragon scales (worn)
 g - a +2 robe of the Archmagi
 w - a +0 kite shield
 y - a cursed +0 cloak of cold resistance (worn)
Magical Staves
 i - an uncursed staff of energy
Jewellery
 j - an uncursed ring of protection from magic
 k - an uncursed ring of flight
 n - an uncursed amulet of the acrobat
 q - a +6 ring of dexterity (left claw)
 u - a cursed +6 ring of dexterity (right claw)
 v - an uncursed ring of positive energy
 B - a cursed amulet of reflection (around neck)
 F - a +6 ring of intelligence
Wands
 C - a wand of acid (9)
Scrolls
 d - 8 scrolls of teleportation
 h - 5 scrolls of enchant weapon
 l - 2 scrolls of remove curse
 r - 3 scrolls of enchant armour
 D - a scroll of blinking
 I - a scroll of amnesia
 J - a scroll of vulnerability
 L - a scroll of fog {unknown}
 M - a scroll of identify
 N - a scroll of brand weapon {unknown}
Potions
 a - 2 potions of magic
 f - 2 potions of might
 m - a potion of cancellation
 o - 5 potions of mutation
 p - 4 potions of haste
 s - 2 potions of curing
 t - 6 potions of flight
 x - a potion of heal wounds
 z - 2 potions of lignification
 A - 3 potions of invisibility
 G - 2 potions of stabbing
 H - a potion of resistance {unknown}


   Skills:
 + Level 1.5 Fighting
 + Level 8.0(9.5) Armour
 - Level 10.0(11.3) Dodging
 - Level 1.0 Stealth
 + Level 11.7 Unarmed Combat
 - Level 2.0 Spellcasting
 + Level 9.3(10.7) Conjurations
   Level 0.6(1.3) Summonings
   Level 0.6(1.3) Translocations


You had 13 spell levels left.
You knew the following spells:

 Your Spells              Type           Power        Failure   Level
b - Mephitic Cloud        Conj/Pois/Air  ##......     24%         3

Your spell library contained the following spells:

 Spells                   Type           Power        Failure   Level
 Magic Dart               Conj           ####         1%          1
 Conjure Flame            Conj/Fire      ###.....     12%         3
 Apportation              Tloc           #.....       21%         1
 Summon Small Mammal      Summ           #...         21%         1
 Blink                    Tloc           N/A          30%         2
 Call Imp                 Summ           #.......     30%         2
 Animate Skeleton         Necr           #.....       32%         1
 Beastly Appendage        Tmut           #.....       32%         1
 Corona                   Hex            #......      32%         1
 Slow                     Hex            #.......     45%         2
 Wereblood                Tmut           #.......     45%         2
 Spider Form              Tmut/Pois      #.........   69%         3
 Cause Fear               Hex            #.........   97%         4
 Ice Form                 Ice/Tmut       #.......     97%         4
 Blade Hands              Tmut           #.........   100%        5
 Silence                  Hex/Air        #.........   100%        5
 Yara's Violent Unravell  Hex/Tmut       #.........   100%        5
 Discord                  Hex            #.........   100%        8


Dungeon Overview and Level Annotations

Branches:
Dungeon (12/15)            Temple (1/1) D:5            Lair (0/6) D:10
    Orc (0/2) D:11        Ossuary (visited)           IceCv (visited)

Altars:
Ashenzari
Cheibriados
Dithmenos
Elyvilon
Fedhas
Gozag
Hepliaklqana
Kikubaaqudgha
Makhleb
Nemelex Xobeh
Okawaru
Qazlal
Ru
Sif Muna
Trog
Uskayaw
Vehumet
Wu Jian
Xom
Yredelemnul
Zin
The Shining One

Shops:
D:10 *   D:12 =

Annotations:
D:12 Rupert


Innate Abilities, Weirdness & Mutations

You are too large for most types of armour.
You have claws for hands.
Your natural rate of healing is unusually fast.
You are covered in fur. (AC +1)
You have extremely tough skin. (AC +3)


Message History

Rupert is severely wounded.
You feel sick. You block Rupert's attack. The troll bites you.
* * * LOW HITPOINT WARNING * * *
You block the troll's attack. x2
Your swamp dragon scales prevents you from hitting Rupert.
Rupert is severely wounded.
Rupert hits you with a +4 great mace of venom!
* * * LOW HITPOINT WARNING * * *
You are more poisoned.
You mangle Rupert!!
Rupert is severely wounded.
You feel sick. You block the troll's attack. The troll barely misses you.
The troll claws you but does no damage.
You mangle Rupert!!
Rupert is almost dead.
You feel sick. You block Rupert's attack.
You claw Rupert! x2
Rupert is almost dead.
You feel sick. The troll bites you!
You die...

#.###.######.#.####.......#
#.# #.# ###.# #.......#
#.###.# #†# #.......#
#.....# #####.############
##########.......#
#.......#.# **
***#.#.###(#.# ,,
,.......(T.####### * *
**#.#..)...@@...... #
#.......####### , #.#.....#
* * *.........# *
#(#.......# , #.......### *
######.# , #' , *


You could see Rupert (berserk) and a troll.

Vanquished Creatures
  A frost giant (IceCv)
  3 two-headed ogres
  A centaur warrior (D:10)
  3 unseen horrors
  A necromancer (D:10)
  3 ugly things
  3 cyclopes
  Joseph (D:7)
  An ice statue (IceCv)
  Maggie (D:6)
  A gargoyle (D:11)
  A troll (shapeshifter) (D:10)
  16 polar bears
  A hornet (D:10)
  A troll (D:11)
  Grinder (D:3)
  3 hippogriffs (D:11)
  A meliai zombie (D:12)
  A centaur simulacrum (D:12)
  2 wyverns
  24 yaks
  5 wraiths
  Eustachio (D:6)
  4 vampire mosquitoes (D:12)
  A soldier ant (D:10)
  5 ice beasts
  3 sky beasts
  5 orc warriors
  2 eyes of draining
  A black bear (D:9)
  4 phantoms
  A necrophage (D:6)
  11 ogres
  12 wolves
  4 centaurs
  A crocodile (D:10)
  9 bullfrogs
  A big kobold (D:8)
  2 gnoll sergeants
  2 wyvern zombies
  A wyvern skeleton (D:9)
  6 scorpions
  7 killer bees
  17 wights
  2 howler monkeys
  A bullfrog zombie (D:12)
  A quasit (D:7)
  3 centaur zombies
  5 centaur skeletons
  5 hounds
  3 jellies
  6 orc priests
  15 orc wizards
  A bullfrog skeleton (D:12)
  8 iguanas
  12 worker ants
  3 yak simulacra (D:10)
  Terence (D:2)
  3 polar bear simulacra (D:10)
  2 wolf simulacra (D:10)
  2 killer bee zombies
  A hound zombie (D:9)
  3 worker ant zombies
  13 gnolls
  12 adders
  2 river rats (D:5)
  4 shadow imps
  7 white imps
  4 ufetubi
  2 adder skeletons
  3 adder zombies
  7 worms
  10 leopard geckos
  47 orcs
  7 bats
  5 giant cockroaches
  13 goblins
  10 hobgoblins
  26 jackals
  13 kobolds
  2 quokkas
  A ball python (D:5)
  3 ball python skeletons (Ossuary)
  3 frilled lizards
  2 hobgoblin zombies (Ossuary)
  A kobold zombie (Ossuary)
  An orc zombie (Ossuary)
  A quokka zombie (D:8)
  13 rats
  3 river rat simulacra (D:10)
  A spectral orc (D:3)
468 creatures vanquished.

Notes
Turn   | Place    | Note
-------+----------+-------------------------------------------
     0 | D:1      | KristoblXynda the Troll Hedge Wizard began the quest for
                  | the Orb.
     0 | D:1      | Reached XP level 1. HP: 16/16 MP: 2/2
   202 | D:1      | Reached skill level 1 in Conjurations
   209 | D:1      | Reached skill level 1 in Unarmed Combat
   224 | D:1      | Reached XP level 2. HP: 24/24 MP: 4/4
   770 | D:2      | Reached XP level 3. HP: 31/31 MP: 5/5
   905 | D:2      | Found a shimmering blue altar of Sif Muna.
  1029 | D:2      | Noticed Terence
  1040 | D:2      | Killed Terence
  1040 | D:2      | Reached skill level 2 in Unarmed Combat
  1040 | D:2      | Reached XP level 4. HP: 23/39 MP: 6/6
  1702 | D:2      | Learned a level 3 spell: Mephitic Cloud
  1782 | D:2      | Found a hide-covered altar of Uskayaw.
  1782 | D:2      | Noticed a +0 dagger
  1782 | D:2      | Noticed a +0 hand axe
  2026 | D:3      | Noticed a bullfrog
  2037 | D:3      | Killed a bullfrog
  2037 | D:3      | Reached skill level 3 in Unarmed Combat
  2037 | D:3      | Reached XP level 5. HP: 40/45 MP: 7/7
  2073 | D:3      | Noticed Grinder
  2079 | D:3      | Paralysed by Grinder for 7 turns
  2091 | D:3      | Paralysed by Grinder for 4 turns
  2109 | D:3      | Paralysed by Grinder for 7 turns
  2118 | D:3      | Killed Grinder
  2118 | D:3      | Reached XP level 6. HP: 10/53 MP: 2/8
  2428 | D:3      | Reached skill level 4 in Unarmed Combat
  2451 | D:3      | Reached XP level 7. HP: 45/59 MP: 9/9
  2958 | D:3      | Found a basalt altar of Yredelemnul.
  3513 | D:4      | You fall into a shaft and drop 1 floor!
  3513 | D:5      | Entered Level 5 of the Dungeon
  3513 | D:5      | Found a sparkling altar of Nemelex Xobeh.
  3543 | D:5      | Reached skill level 5 in Unarmed Combat
  3756 | D:5      | Reached XP level 8. HP: 59/67 MP: 10/10
  3794 | D:5      | HP: 3/67 [orc warrior/+0 scimitar (9)]
  4032 | D:5      | Found a staircase to the Ecumenical Temple.
  4042 | D:5      | Reached skill level 5 in Dodging
  4050 | Temple   | Entered the Ecumenical Temple
  4063 | Temple   | Became a worshipper of Ashenzari the Shackled
  4463 | D:5      | Found an opulent altar of Gozag.
  4537 | D:5      | Reached skill level 6 in Unarmed Combat
  5519 | D:6      | Reached skill level 5 in Conjurations
  5641 | D:6      | Reached XP level 9. HP: 62/74 MP: 11/11
  5699 | D:6      | Noticed Maggie
  5705 | D:6      | Found a radiant altar of Vehumet.
  5722 | D:6      | Killed Maggie
  5722 | D:6      | Reached skill level 7 in Unarmed Combat
  6059 | D:6      | Found a sacrificial altar of Ru.
  6181 | D:6      | Noticed Eustachio
  6208 | D:6      | Killed Eustachio
  6341 | D:6      | Found a stormy altar of Qazlal.
  6380 | D:7      | Reached skill level 1 in Armour
  6403 | D:7      | Found a shimmering altar of Xom.
  6445 | D:7      | Found a sand-covered staircase.
  6451 | Ossuary  | Entered an ossuary
  6591 | Ossuary  | Reached * piety under Ashenzari
  6854 | D:7      | Noticed Joseph
  6868 | D:7      | Killed Joseph
  6868 | D:7      | Reached skill level 8 in Unarmed Combat
  7001 | D:7      | Found a blossoming altar of Fedhas.
  7302 | D:8      | Reached XP level 10. HP: 81/81 MP: 12/12
  8041 | D:8      | Found a shadowy altar of Dithmenos.
  8069 | D:8      | Noticed a two-headed ogre
  8090 | D:8      | Killed a two-headed ogre
  8282 | D:9      | Noticed a two-headed ogre
  8341 | D:9      | Noticed a two-headed ogre
  8418 | D:9      | Found a snail-covered altar of Cheibriados.
  8655 | D:9      | Killed a two-headed ogre
  8655 | D:9      | Reached skill level 9 in Unarmed Combat
  8745 | D:9      | Killed a two-headed ogre
  8865 | D:9      | Reached XP level 11. HP: 36/88 MP: 13/13
  9216 | D:9      | Found a bloodstained altar of Trog.
  9365 | D:10     | Entered Level 10 of the Dungeon
  9510 | D:10     | Noticed a necromancer
  9522 | D:10     | Killed a necromancer
  9621 | D:10     | Reached skill level 5 in Armour
  9815 | D:10     | Identified the cursed +0 ring mail "Luasig" {Str+2}
  9827 | D:10     | Noticed a centaur warrior
  9852 | D:10     | Killed a centaur warrior
 10035 | D:10     | Noticed a red ugly thing
 10048 | D:10     | Killed a red ugly thing
 10048 | D:10     | Reached skill level 10 in Unarmed Combat
 10065 | D:10     | Killed an unseen horror
 10577 | D:10     | Found a staircase to the Lair.
 10641 | D:10     | Found Ygasach's General Store.
 10649 | D:10     | Bought a +0 cloak for 54 gold pieces
 10700 | D:10     | Killed an unseen horror
 11121 | D:11     | Noticed a brown ugly thing
 11137 | D:11     | Killed a brown ugly thing
 11270 | D:11     | Reached ** piety under Ashenzari
 11278 | D:11     | Reached XP level 12. HP: 96/96 MP: 14/14
 11421 | D:11     | Found a staircase to the Orcish Mines.
 11987 | D:12     | Found a frozen archway.
 11999 | IceCv    | Entered an ice cave
 12045 | IceCv    | Reached skill level 11 in Unarmed Combat
 12543 | IceCv    | Noticed a frost giant
 12554 | IceCv    | Killed a frost giant
 12958 | D:12     | Reached skill level 10 in Dodging
 13089 | D:12     | Reached XP level 13. HP: 101/102 MP: 15/15
 13161 | D:12     | Found Susanumi's Jewellery Shop.
 13181 | D:12     | Identified the +5 chain mail of Mus Atweelo {rN+ Str+4}
 13356 | D:12     | Reached skill level 1 in Fighting
 13512 | D:12     | Noticed Rupert
 13514 | D:12     | Paralysed by Rupert for 6 turns
 13534 | D:12     | Slain by a troll

Illustrated notes

Levels and vault maps discovered:
D:1:      ncdulo_smallfort, layout_loops_cross
D:2:      layout_basic, nicolae_overflow_hidden_temple, dancing_weapons_uskayaw,
          uniq_terence
D:3:      layout_loops_corners, yredelemnul_forgotten_temple_becter,
          minmay_starry_boxes, uniq_grinder
D:4:      layout_basic
D:5:      layout_basic, nemelex_xobeh_ov_fountains_minmay, grunt_gozag_statues,
          minmay_temple_entry_large_hall, portal_sewer_entry_e
D:6:      layout_loops_ring, lemuel_coloured_pillars_altar, kennysheep_mini,
          lemuel_doored_altar, uniq_eustachio, uniq_maggie
D:7:      layout_gridville, fedhas_altar_2, xom_teletrap_fun,
          lightli_ossuary_entry_decrepit_ruins, uniq_joseph
D:8:      layout_basic, overflow_temple_1_default
D:9:      layout_cave_pools, cheibriados_altar_1, marbit_many_paths
D:10:     minmay_imperfect_grid, layout_long_grid, lair_entry_dummy,
          serial_shops, shop, eino_house_with_fridge
D:11:     layout_roguey, orc_0_dummy
D:12:     layout_loops_corners, serial_ice, serial_ice_f, serial_ice_a,
          serial_ice_g, serial_ice_b, portal_ice_cave_entry_pillars_1,
          serial_shops, nicolae_shop_window_shopping, uniq_rupert, uniq_jorgrun
Temple:   jpeg_temple_island

Skill      XL: |  1  2  3  4  5  6  7  8  9 10 11 12 13 |
---------------+----------------------------------------+-----
Conjurations   | 1 2 3 4 5 6 7 8 9 |  9.3
Unarmed Combat | 1 2 3 4 5 6 8 9 10 11 | 11.7
Dodging        | 2 3 4 5 6 7 9 10 | 10.0
Armour         | 2 4 6 7 8 |  8.0
Fighting       | 1 |  1.5
Stealth        | |  1.0
Spellcasting   | |  2.0
Summonings     | |  0.6
Translocations | |  0.6

Action                   |  1- 3 |  4- 6 |  7- 9 | 10-12 | 13-15 || total
-------------------------+-------+-------+-------+-------+-------++-------
Melee: Unarmed           |   120 |   193 |   480 |   888 |   122 ||  1803
       Punch             |     1 |     1 |    16 |    70 |    11 ||    99
 Cast: Magic Dart        |       |     9 |     7 |       |       ||    16
       Mephitic Cloud    |       |       |       |     4 |       ||     4
Invok: Curse Item        |       |       |     2 |     2 |       ||     4
Evoke: Wand              |       |       |       |     5 |     1 ||     6
  Use: Potion            |       |     1 |     4 |     1 |     1 ||     7
       Scroll            |       |       |    17 |    12 |       ||    29
 Stab: Sleeping          |       |       |     5 |     3 |       ||     8
       Distracted        |       |       |     1 |       |       ||     1
       Confused          |       |       |       |     7 |       ||     7
Armor: Robe              |    64 |    85 |   114 |       |       ||   263
       Skin              |       |     1 |    36 |       |       ||    37
       Swamp dragon scal |       |       |    69 |   266 |    35 ||   370
Dodge: Dodged            |    70 |   113 |   347 |   561 |    83 ||  1174
Block: Other             |       |       |       |   143 |    38 ||   181
       Reflection        |       |       |       |     4 |     4 ||     8

Table legend: (Time is in decaauts)
 A = Elapsed time spent in this place.
 B = Non-inter-level travel time spent in this place.
 C = Inter-level travel time spent in this place.
 D = Time resting spent in this place.
 E = Time spent auto-exploring this place.
 F = Levels seen in this place.
 G = Mean time per level.
                   A        B        C        D        E       F      G
               +--------+--------+--------+--------+--------+-----+--------+
         Total |  13348 |  12964 |    384 |   1657 |   7145 |  15 |  889.9 |
       Dungeon |  11931 |  11547 |    384 |   1464 |   6616 |  12 |  994.2 |
        Temple |    281 |    281 |      0 |      0 |    254 |   1 |  281.0 |
       Ossuary |    275 |    275 |      0 |     19 |     37 |   1 |  275.0 |
      Ice Cave |    860 |    860 |      0 |    174 |    238 |   1 |  860.0 |
               +--------+--------+--------+--------+--------+-----+--------+

Top non-repeatable levels by time:
    D:10: 1629 daAuts
     D:5: 1313 daAuts
     D:2: 1294 daAuts
     D:3: 1237 daAuts
     D:8: 1114 daAuts
     D:9: 962 daAuts
    D:11: 906 daAuts
     D:6: 905 daAuts
   IceCv: 860 daAuts
     D:1: 676 daAuts
     D:4: 669 daAuts
    D:12: 628 daAuts
     D:7: 593 daAuts
  Temple: 281 daAuts
 Ossuary: 275 daAuts
